 Dungeon Crawl Stone Soup version 0.23.2-40-g277498a001 (webtiles) character file.

Game seed: 1619751925694816837

121 Curus the Insei (level 5, -4/37 HPs)
             Began as a Merfolk Transmuter on Sept 30, 2019.
             Slain by a phantom (7 damage)
             ... on level 4 of the Dungeon.
             The game lasted 00:13:05 (2062 turns).

Curus the Insei (Merfolk Transmuter)                Turns: 2062, Time: 00:13:06

Health: -4/37      AC:  2    Str: 10    XL:     5   Next: 5%
Magic:  14/17      EV: 18    Int: 13    God:
Gold:   124        SH:  0    Dex: 20    Spells: 4/8 levels left

rFire    . . .     SeeInvis .     - Unarmed
rCold    . . .     Gourm    .   (shield currently unavailable)
rNeg     . . .     Faith    .   (armour currently unavailable)
rPois    x         Spirit   .   (helmet currently unavailable)
rElec    .         Reflect  .   (cloak currently unavailable)
rCorr    .         Harm     .   (gloves currently unavailable)
MR       .....                  (boots currently unavailable)
Stlth    ++........             (no amulet)
HPRegen  0.12/turn              m - -3 ring of evasion (curse)
MPRegen  0.15/turn              j - ring of magical power

@: spider-form (expiring)
A: tiny, (change form in water), (swift swim), (stealthy swim)
a: End Transformation


You were on level 4 of the Dungeon.
You were not hungry.
You were a venomous arachnid creature.
You visited 1 branch of the dungeon, and saw 4 of its levels.

You collected 124 gold pieces.

Inventory:

Missiles
 a - 12 arrows
Armour
 b - a +0 robe (melded)
 e - a scarf of resistance (melded)
 f - a +1 pair of gloves (melded)
Jewellery
 i - an uncursed ring of positive energy
 j - a ring of magical power (right front leg)
 l - an uncursed ring of positive energy
 m - a cursed -3 ring of evasion (left front leg)
Wands
 h - a wand of paralysis (1)
Scrolls
 g - a scroll of amnesia
 k - a scroll of teleportation
Potions
 c - a potion of berserk rage
Comestibles
 d - 6 rations


   Skills:
 - Level 1.1 Fighting
 - Level 2.6 Dodging
 - Level 4.5 Unarmed Combat
 - Level 2.0 Spellcasting
 + Level 4.3 Transmutations
 + Level 2.6 Poison Magic


You had 4 spell levels left.
You knew the following spells:

 Your Spells              Type           Power        Failure   Level  Hunger
a - Beastly Appendage     Tmut           ##....       13%         1    ##.....
b - Spider Form           Tmut/Pois      ##........   38%         3    ####...

Your spell library contained the following spells:

 Spells                   Type           Power        Failure   Level  Hunger
 Sticks to Snakes         Tmut           ##......     17%         2    ###....
 Ice Form                 Ice/Tmut       #.......     87%         4    #####..
 Blade Hands              Tmut           ##........   89%         5    ######.


Dungeon Overview and Level Annotations

Branches:
Dungeon (4/15)
 Temple: D:4-7

Altars:
Cheibriados


Message History

You bite the phantom!
The phantom is heavily damaged.
The phantom completely misses you.
You hit the phantom.
The phantom is heavily damaged.
You closely miss the phantom.
The phantom is heavily damaged.
The phantom hits you!
* * * LOW HITPOINT WARNING * * *
Items here: )) [ †† a +0 hand axe x2; a +0 chain mail; an orc corpse x2
The phantom blinks!
You bite the phantom!
The phantom is severely damaged.
The phantom closely misses you.
You hit the phantom.
The phantom is almost destroyed.
Your transformation is almost over.
The phantom hits you!
You die...

### # #.# ..#<#
#.#.# #.#.#
#.#'#####
#.......#
#.......+
#.Ws....#
........##...#####
........##.).#
......%##...##
...............)
#....#...######
####....#......
...........>##
......#.#.###


You could see a phantom.

Vanquished Creatures
  Ijyb (D:3)
  A howler monkey skeleton (D:4)
  3 adders
  A worm (D:2)
  A dart slug (D:2)
  3 leopard geckos
  3 orcs
  3 giant cockroaches
  8 goblins
  4 hobgoblins
  2 kobolds
  6 bats
  10 frilled lizards
  8 rats
54 creatures vanquished.

Notes
Turn   | Place    | Note
-------+----------+-------------------------------------------
     0 | D:1      | Curus the Merfolk Transmuter began the quest for the Orb.
     0 | D:1      | Reached XP level 1. HP: 15/15 MP: 3/3
    25 | D:1      | You fall through a shaft!
   126 | D:1      | Reached XP level 2. HP: 21/21 MP: 3/5
   539 | D:2      | Reached XP level 3. HP: 20/26 MP: 6/6
   544 | D:2      | Learned a level 3 spell: Spider Form
   628 | D:2      | Reached skill level 1 in Poison Magic
  1075 | D:2      | Found a snail-covered altar of Cheibriados.
  1268 | D:3      | Reached XP level 4. HP: 27/32 MP: 5/7
  1294 | D:3      | Found a faded altar of an unknown god.
  1718 | D:4      | Noticed Ijyb
  1741 | D:3      | Paralysed by Ijyb for 5 turns
  1746 | D:3      | Killed Ijyb
  2036 | D:4      | Noticed a phantom
  2052 | D:4      | Reached XP level 5. HP: 9/37 MP: 8/8
  2062 | D:4      | Slain by a phantom

Skill      XL: |  1  2  3  4 |
---------------+-------------+-----
Unarmed Combat | 4 |  4.5
Transmutations | 3 4 |  4.3
Poison Magic   | 1 2 |  2.6
Fighting       | |  1.1
Dodging        | |  2.6
Spellcasting   | |  2.0

Action                   |  1- 3 |  4- 6 || total
-------------------------+-------+-------++-------
Melee: Unarmed           |   116 |    81 ||   197
       Headbutt          |     5 |     2 ||     7
       Punch             |     1 |       ||     1
 Cast: Beastly Appendage |     9 |     3 ||    12
       Spider Form       |       |     2 ||     2
  Use: Potion            |     3 |     3 ||     6
       Scroll            |     5 |     2 ||     7
  Eat: Chunk             |     1 |     3 ||     4
Armor: Robe              |    16 |    16 ||    32
       Skin              |       |     1 ||     1
Dodge: Dodged            |    66 |    49 ||   115
